 Dungeon Crawl Stone Soup version 0.26-a0-257-g47e9e61525 (webtiles) character file.

Game seed: 5060102569403336968

409 Gargoyl the Skirmisher (level 6, -5/52 HPs)
             Began as a Centaur Abyssal Knight on July 9, 2020.
             Was a Believer of Lugonu.
             Slain by a gnoll
             ... wielding a +0 spear
              (7 damage)
             ... on level 3 of the Dungeon on July 10, 2020.
             The game lasted 00:05:05 (2967 turns).

Gargoyl the Skirmisher (Centaur Abyssal Knight)     Turns: 2967, Time: 00:05:06

Health: -5/52      AC:  0    Str: 16    XL:     6   Next: 58%
Magic:  8/8        EV: 14    Int: 11    God:    Lugonu [**....]
Gold:   155        SH:  0    Dex:  9    Spells: 5/5 levels left

rFire    . . .     SeeInvis .   (weapon currently unavailable)
rCold    . . .     Faith    .   (shield currently unavailable)
rNeg     . . .     Spirit   .   (armour currently unavailable)
rPois    .         Reflect  .   (helmet currently unavailable)
rElec    .         Harm     .   (cloak currently unavailable)
rCorr    .                      (gloves currently unavailable)
MR       +....                  (no barding)
Stlth    +.........             (no amulet)
HPRegen  0.17/turn              (ring currently unavailable)
MPRegen  0.11/turn              (ring currently unavailable)

@: mighty, pig-form (expiring), flying, very quick
A: small, magic resistance 1
a: Depart the Abyss, Bend Space, Renounce Religion


You were on level 3 of the Dungeon.
You worshipped Lugonu.
Lugonu was pleased with you.
You were not hungry.
You were a filthy swine.
You visited 1 branch of the dungeon, and saw 3 of its levels.
You visited the Abyss 1 time.

You collected 155 gold pieces.

Inventory:

Hand Weapons
 a - a +3 hand axe (melded)
Armour
 b - a +0 cloak (melded)
 d - a +0 chain mail (melded)
 i - a +0 pair of gloves (melded)
Jewellery
 h - a +6 ring of dexterity (melded)
Wands
 k - a wand of random effects (17)
Potions
 g - 2 potions of heal wounds
 j - 3 potions of lignification
 l - a potion of mutation
Comestibles
 c - 10 rations


   Skills:
 + Level 3.9 Fighting
 + Level 3.6 Axes
 * Level 3.0 Armour
 * Level 1.8 Dodging
 * Level 3.4 Invocations


You had 5 spell levels left.
You didn't know any spells.
Your spell library contained the following spells:

 Spells                   Type           Power        Failure   Level
 Confusing Touch          Hex            #.......     71%         3
 Gell's Gravitas          Tloc           #.........   71%         3
 Petrify                  Tmut/Erth      #.......     98%         4
 Metabolic Englaciation   Hex/Ice        #.........   100%        5
 Yara's Violent Unravell  Hex/Tmut       #.........   100%        5


Dungeon Overview and Level Annotations

Branches:
Dungeon (3/15)

Altars:
Elyvilon
Qazlal

Annotations:
D:3 1 transporter, Miritol's ghost, amateur VSBr


Innate Abilities, Weirdness & Mutations

((You have hooves in place of feet.))
((Armour fits poorly on your strangely shaped body.))
((You cover ground very quickly.))
((You have extremely tough skin. (AC +3)))
((Your flesh is heat resistant. (rF+)))
You are resistant to hostile enchantments. (MR+)
((Your system is resistant to poisons. (rPois)))


Message History

It was a potion of heal wounds.
You feel much better.
Your transformation is almost over.
The gnoll sergeant hits you from afar with a +2 trident of pain!
The gnoll hits you from afar with a +0 spear.
The gnoll misses you. The gnoll barely misses you.
It was a potion of flight.
You feel very buoyant.
You fly up into the air.
The gnoll sergeant misses you. The gnoll misses you.
The gnoll hits you from afar with a +0 spear.
The gnoll hits you with a +0 spear.
You hit the gnoll.
The gnoll is moderately wounded.
The gnoll sergeant hits you from afar with a +2 trident of pain!
* * * LOW HITPOINT WARNING * * *
You writhe in agony.
* * * LOW HITPOINT WARNING * * *
The gnoll hits you from afar with a +0 spear.
* * * LOW HITPOINT WARNING * * *
The gnoll hits you from afar with a +0 spear!
You die...

#..≈≈#...#.###.©.###.#...#≈
#..≈≈#g..###.#####g###...#≈
#..≈≈###..$............###≈
#..≈≈.8#g######+###'##.# ≈
#..≈≈(##g#$.=#8.P#P.P#.#
##.≈≈.#..W$.:#⌠©..g..'$.
#.≈≈.##.#$.$#8.P#P?P#.##
#.≈≈.8#g######'###+##.#
#.≈≈###..hgg....).....#
#.≈≈#...###g#####.###..
#.≈≈#...#.###.©.###.#.
#.≈≈#####...........##
#.≈≈≈≈≈≈≈≈≈≈≈...≈≈≈≈≈≈
#.≈≈≈≈≈≈≈≈≈≈≈...≈≈≈≈≈≈
#.....................
##############........
#########


You could see a gnoll sergeant, Miritol's ghost and 3 gnolls.

Vanquished Creatures
  Sigmund (D:3)
  Natasha (thrice) (D:2)
  3 gnolls
  5 adders
  An ooze (D:2)
  2 worms (D:2)
  2 dart slugs (D:2)
  2 leopard geckos
  A giant cockroach (D:2)
  9 goblins
  8 hobgoblins
  12 jackals
  2 quokkas
  10 bats
  9 frilled lizards
  5 kobolds
  6 rats
81 creatures vanquished.

Notes
Turn   | Place    | Note
-------+----------+-------------------------------------------
     0 | Abyss:1  | Gargoyl the Centaur Abyssal Knight began the quest for the
                  | Orb.
     0 | Abyss:1  | Reached XP level 1. HP: 19/19 MP: 2/2
    25 | Abyss:1  | Found a corrupted altar of Lugonu.
   121 | Abyss:1  | Noticed a large abomination
   123 | Abyss:1  | Upgraded the game from 0.26-a0-252-gb32a1a6195 to
                  | 0.26-a0-257-g47e9e61525
   135 | Abyss:1  | Noticed a starcursed mass
   150 | Abyss:1  | Noticed a smoke demon
   153 | Abyss:1  | Noticed a storm dragon zombie
   156 | Abyss:1  | Noticed a hell hog
   190 | Abyss:1  | Noticed a small abomination
   199 | Abyss:1  | Noticed a bone dragon
   203 | Abyss:1  | Noticed a large abomination
   228 | Abyss:1  | Noticed a large abomination
   229 | Abyss:1  | Noticed a large abomination
   304 | Abyss:1  | Noticed a worldbinder
   305 | Abyss:1  | Gained mutation: Your flesh is heat resistant. (rF+)
                  | [potion of mutation]
   305 | Abyss:1  | Gained mutation: Your system is resistant to poisons.
                  | (rPois) [potion of mutation]
   305 | Abyss:1  | Gained mutation: You are resistant to hostile enchantments.
                  | (MR+) [potion of mutation]
   306 | D:1      | Escaped the Abyss
   337 | D:1      | Reached XP level 2. HP: 15/26 MP: 3/3
   656 | D:1      | Reached * piety under Lugonu
   678 | D:1      | Reached skill level 1 in Dodging
   910 | D:1      | Reached XP level 3. HP: 21/31 MP: 4/4
  1234 | D:2      | Noticed Natasha
  1244 | D:2      | Killed Natasha
  1409 | D:2      | Reached XP level 4. HP: 30/39 MP: 5/5
  1664 | D:2      | Found a stormy altar of Qazlal.
  1666 | D:2      | Noticed an earth elemental
  1666 | D:2      | Noticed an air elemental
  1667 | D:2      | Noticed a fire elemental
  1667 | D:2      | Noticed a water elemental
  1762 | D:2      | Reached ** piety under Lugonu
  2015 | D:2      | Noticed Natasha
  2031 | D:2      | Killed Natasha
  2031 | D:2      | Reached XP level 5. HP: 39/46 MP: 7/7
  2219 | D:2      | Noticed Natasha
  2231 | D:2      | Killed Natasha
  2353 | D:2      | Found a faded altar of an unknown god.
  2483 | D:3      | Found a white marble altar of Elyvilon.
  2575 | D:3      | Noticed Sigmund
  2602 | D:3      | Killed Sigmund
  2602 | D:3      | Reached XP level 6. HP: 33/52 MP: 8/8
  2845 | D:3      | Found a transporter.
  2870 | D:3      | Noticed Miritol's ghost (amateur VSBr)
  2876 | D:3      | Identified the +1 buckler "Unlaqon" {MP-9 Int+3}
  2928 | D:3      | Found a transporter.
  2967 | D:3      | HP: 2/52 [gnoll/+0 spear (6)]
  2967 | D:3      | Slain by a gnoll

Illustrated notes

Levels and vault maps discovered:
D:1:      ebering_trefoil_3fold, layout_basic
D:2:      layout_basic, nicolae_qazlal_style_of_elements, first_ration,
          chequers_ecumenical_altar_twisty, uniq_natasha
D:3:      layout_basic, elyvilon_altar_4, gammafunk_ghost_gnarly_gnolls,
          nemelex_altar_shiori, uniq_sigmund

Skill      XL: |  1  2  3  4  5 |
---------------+----------------+-----
Dodging        | 1 |  1.8
Axes           | 2 3 |  3.6
Armour         | 2 3 |  3.0
Invocations    | 3 |  3.4
Fighting       | |  3.9

Action                   |  1- 3 |  4- 6 || total
-------------------------+-------+-------++-------
Melee: Hand axe          |    81 |   145 ||   226
       Kick              |    10 |    38 ||    48
       Unarmed           |       |     2 ||     2
Invok: Depart the Abyss  |     1 |       ||     1
  Use: Scroll            |     2 |     3 ||     5
       Potion            |     1 |     4 ||     5
  Eat: Ration            |     1 |     1 ||     2
Armor: Leather armour    |     3 |       ||     3
       Chain mail        |    69 |   124 ||   193
Dodge: Dodged            |    17 |    49 ||    66

Table legend:
 A = Non-vault XP
 B = Vault XP
 C = Vault XP percentage of total XP
 D = Non-vault monster count
 E = Vault monster count
 F = Vault count percentage of total count
                 A         B        C        D         E       F
            +---------+---------+-------+---------+---------+-------
      Total |     297 |     288 |  49.2 |      78 |       3 |   3.7
            +---------+---------+-------+---------+---------+-------
        D:1 |      42 |       0 |   0.0 |      19 |       0 |   0.0
        D:2 |     210 |      35 |  14.3 |      40 |       1 |   2.4
        D:3 |      45 |     253 |  84.9 |      19 |       2 |   9.5
            +---------+---------+-------+---------+---------+-------
